 Dungeon Crawl Stone Soup version 0.29.1-12-g30fa7ad0bf (webtiles) character file.

Game seed: 18371176142911102806

151 IcyTea the Cudgeller (level 5, -1/45 HPs)
             Began as a Meteoran Fighter on Dec 25, 2022.
             Slain by a gnoll
             ... wielding a +0 halberd
              (5 damage)
             ... on level 3 of the Dungeon.
             The game lasted 00:05:35 (1002 turns).

IcyTea the Cudgeller (Meteoran Fighter)             Turns: 1002, Time: 00:05:36

Health: -1/45      AC: 10    Str: 19    XL:     5   Next: 90%
Magic:  6/6        EV:  7    Int:  9    God:
Gold:   75         SH:  5    Dex: 14    Spells: 4/4 levels left

rFire   . . .      SeeInvis .   a - +0 flail
rCold   . . .      Faith    .   c - +0 buckler
rNeg    . . .      Spirit   .   j - +0 chain mail
rPois   .          Reflect  .   (no helmet)
rElec   .          Harm     .   m - +0 cloak
rCorr   .          Rampage  .   (no gloves)
Will    .....                   (no boots)
Stlth   ..........              (no amulet)
HPRegen 0.15/turn               (no ring)
MPRegen 0.10/turn               (no ring)

@: glowing
A: sense surroundings 1, otherworldly, glowing, explore regen
a: no special abilities


You were on level 3 of the Dungeon.
You visited 1 branch of the dungeon, and saw 3 of its levels.

You collected 75 gold pieces.

Inventory:

Hand Weapons
 a - a +0 flail (weapon)
Missiles
 h - 6 boomerangs of dispersal (quivered)
Armour
 b - a +0 scale mail
 c - a +0 buckler (worn)
 j - a +0 chain mail (worn)
 m - a +0 cloak (worn)
Scrolls
 f - a scroll of magic mapping
 g - a scroll of blinking
 k - a scroll of vulnerability {unknown}
 l - a scroll of teleportation
 n - a scroll of poison {unknown}
 p - a scroll of noise {unknown}
 q - a scroll of enchant weapon {unknown}
Potions
 d - a potion of mutation {unknown}
 e - a potion of degeneration {unknown}
 i - a potion of curing
 o - a potion of attraction {unknown}


   Skills:
 - Level 3.2 Fighting
 + Level 7.1 Maces & Flails
 - Level 3.6 Armour
 - Level 3.6 Shields


You had 4 spell levels left.
You didn't know any spells.
Your spell library contained the following spells:

 Spells                   Type           Power      Damage    Failure   Level
 Stone Arrow              Conj/Erth      0%         3d7       100%        3
 Animate Armour           Summ/Erth      0%         N/A       100%        4
 Lehudib's Crystal Spear  Conj/Erth      0%         10d2      100%        8


Dungeon Overview and Level Annotations

Branches:
Dungeon (3/15) Zot: 760

Altars:


Innate Abilities, Weirdness & Mutations

You passively map a small area around you.
You are easily found by Zot.
You glow in the dark.
You regain HP and MP as you explore.


Message History

You hit the gnoll.
The gnoll is severely wounded.
The gnoll hits you but does no damage.
You closely miss the gnoll.
The gnoll is severely wounded.
You block the gnoll's attack.
You barely miss the gnoll.
The gnoll is severely wounded.
The gnoll hits you but does no damage.
You sock the gnoll!
You kill the gnoll!
Your Maces & Flails skill increases to level 7!
You sock the orc!
You kill the orc!
The gnoll hits you from afar with a +0 halberd.
The gnoll hits you with a +0 halberd. The gnoll hits you but does no damage.
You hit the gnoll but do no damage. The gnoll hits you with a +0 halberd.
The gnoll hits you from afar with a +0 halberd.
You closely miss the gnoll. The gnoll hits you with a +0 halberd.
The gnoll hits you from afar with a +0 halberd!
* * * LOW HITPOINT WARNING * * *
You sock the gnoll!
You kill the gnoll!
The gnoll hits you but does no damage. x2
The gnoll hits you but does no damage.
Items here: ))))) †††.
You hit the gnoll.
The gnoll is heavily wounded.
The gnoll hits you but does no damage.
You barely miss the gnoll.
The gnoll is heavily wounded.
The gnoll hits you with a +0 halberd.
* * * LOW HITPOINT WARNING * * *
You hit the gnoll.
The gnoll is heavily wounded.
The gnoll hits you but does no damage.
You closely miss the gnoll.
The gnoll is heavily wounded.
The gnoll hits you with a +0 halberd.
You die...

, ,, , , ** #.#. , , ,, ,
# ** #.#. .# , #.†. *
**#.## * * ###. , ,, ,
...#.# #.
...#.#####.###... ##
.....g..........>* ####
...#.###g#.o.#.#.. .... *
, * #@# ###.#..####### **
#.#*.............. ,
#.##.###..##.##### , *
#.#...#####...####
######...#.......#....#
,##≈≈..#.#...#####...##.#
#≈≈.....##.## ##.###.#
♣≈......##.# #.#.#.#
♣♣...##..#.# #.#....


You could see a gnoll.

Vanquished Creatures
  Robin (D:2)
  3 gnolls (D:3)
  5 adders
  A worm (D:2)
  2 dart slugs (D:2)
  3 orcs (D:3)
  4 endoplasms
  2 giant cockroaches
  8 goblins
  7 hobgoblins
  3 jackals (D:3)
  2 quokkas (D:2)
  2 ball pythons
  5 bats
  3 frilled lizards (D:1)
  2 kobolds
  2 rats
55 creatures vanquished.

Vanquished Creatures (others)
  5 plants (D:1)
5 creatures vanquished.

Grand Total: 60 creatures vanquished

Notes
Turn   | Place    | Note
-------+----------+-------------------------------------------
     0 | D:1      | IcyTea the Meteoran Fighter began the quest for the Orb.
     0 | D:1      | Reached XP level 1. HP: 19/19 MP: 2/2
    39 | D:1      | Reached skill level 3 in Maces & Flails
    53 | D:1      | Reached XP level 2. HP: 7/26 MP: 3/3
   321 | D:1      | Found a faded altar of an unknown god.
   364 | D:1      | Reached skill level 4 in Maces & Flails
   397 | D:2      | Reached XP level 3. HP: 20/31 MP: 4/4
   417 | D:2      | Noticed Robin
   433 | D:2      | Killed Robin
   434 | D:2      | Reached skill level 5 in Maces & Flails
   437 | D:2      | Reached XP level 4. HP: 37/38 MP: 5/5
   601 | D:2      | Reached skill level 6 in Maces & Flails
   637 | D:2      | Reached XP level 5. HP: 44/45 MP: 6/6
   992 | D:3      | Reached skill level 7 in Maces & Flails
  1002 | D:3      | Slain by a gnoll

Illustrated notes

Levels and vault maps discovered:
D:1:      dpeg_arrival_boxes_within_box, layout_loops_corners,
          shapermc_ecumenical_altar_hornbeckon
D:2:      layout_basic, uniq_robin
D:3:      layout_basic, minmay_misc_feat_tower, kennysheep_nub,
          minmay_misc_feat_room, uniq_grinder

Skill      XL: |  1  2  3  4  5 |
---------------+----------------+-----
Maces & Flails | 3 4 5 6 7 |  7.1
Fighting       | |  3.2
Armour         | |  3.6
Shields        | |  3.6

Action                   |  1- 3 |  4- 6 || total
-------------------------+-------+-------++-------
Melee: Flail             |    67 |   111 ||   178
  Use: Scroll            |     1 |     3 ||     4
       Potion            |     2 |     1 ||     3
Armor: Scale mail        |    35 |    22 ||    57
       Chain mail        |       |    60 ||    60
Dodge: Dodged            |    12 |    32 ||    44
Block: Buckler           |    15 |    32 ||    47
